 Dungeon Crawl Stone Soup version 0.27.0-1-g7a089689b8 (webtiles) character file.

Game seed: 5495984076018429811

14 Leeroy the Slasher (level 2, 21/23 HPs)
             Began as a Djinni Warper on Aug 6, 2021.
             Was a Follower of Dithmenos.
             Quit the game on level 1 of the Dungeon.
             The game lasted 00:00:44 (884 turns).

Leeroy the Slasher (Djinni Warper)                   Turns: 884, Time: 00:00:45

Health: 21/23      AC:  3    Str: 10    XL:     2   Next: 60%
Gold:   46         EV: 11    Int: 14    God:    Dithmenos [*.....] SH:  0 Dex: 12

rFire    + + .     SeeInvis .   a - +0 falchion
rCold    x . .     Faith    .   (no shield)
rNeg     . . .     Spirit   .   b - +0 leather armour
rPois    ∞         Reflect  .   (no helmet)
rElec    .         Harm     .   (no cloak)
rCorr    .         Rampage  .   (no gloves)
Will     .....                  (boots unavailable)
Stlth    +.........             (no amulet)
HPRegen  0.07/turn              (no ring)
MPRegen  0.00/turn              (no ring)

@: flying, wreathed by umbra
A: sickness immunity, fire resistance 2, cold vulnerability 1, float, innate
caster, hp casting, extra vitality 1
a: Renounce Religion


You were on level 1 of the Dungeon.
You worshipped Dithmenos.
Dithmenos was aware of your devotion.
You visited 1 branch of the dungeon, and saw 1 of its levels.

You collected 46 gold pieces.

Inventory:

Hand Weapons
 a - a +0 falchion (weapon)
Missiles
 d - 4 boomerangs of dispersal (quivered)
Armour
 b - a +0 leather armour (worn)
Jewellery
 f - a ring of protection from fire
Scrolls
 c - a scroll of blinking
 e - a scroll of identify {unknown}
 g - 2 scrolls of brand weapon {unknown}
Potions
 h - 2 potions of curing {unknown}


   Skills:
 - Level 2.0 Fighting
 + Level 2.7 Long Blades
 - Level 0.7 Throwing
 - Level 1.0 Armour
 - Level 2.1 Dodging
 - Level 2.4 Spellcasting


You couldn't memorise any spells.
You knew the following spells:

 Your Spells              Type           Power      Damage    Failure   Level
a - Blink                 Tloc           N/A        N/A       17%         2
b - Lesser Beckoning      Tloc           4%         N/A       34%         3
c - Gell's Gravitas       Tloc           4%         N/A       34%         3
d - Teleport Other        Tloc           8%         N/A       34%         3
e - Manifold Assault      Tloc           8%         N/A       97%         5
Your spell library was empty.

Dungeon Overview and Level Annotations

Branches:
Dungeon (1/15)

Altars:
Dithmenos


Innate Abilities, Weirdness & Mutations

You are immune to sickness and miasma.
You are immune to poison.
Your flesh is very heat resistant. (rF++)
You are vulnerable to cold. (rC-)
You float through the air rather than walking.
You learn spells naturally, not from books.
Your magical power is your life essence.
You have superior vitality. (+4 HP)


Message History

h - a red potion You now have 32 gold pieces (gained 8).
No target in view!
h - 2 red potions (gained 1)
A bat comes into view.
A bat is nearby!
You throw a boomerang of dispersal.
The boomerang of dispersal hits the bat.
The bat blinks!
You feel a bit more experienced.
No target in view!
There is a faded altar of an unknown god here.
You cannot tell which god this altar belongs to.
Convert to them anyway?
Dithmenos accepts your prayer! Dithmenos welcomes you!
You are shrouded in an aura of darkness!
There is a dry fountain here.
You now have 46 gold pieces (gained 14).
A bat comes into view.
The bat misses you. x2
A bat is nearby!
You barely miss the bat. The bat hits you but does no damage.
The bat completely misses you.
You barely miss the bat. The bat misses you. The bat closely misses you.
You closely miss the bat. The bat hits you but does no damage. x2
You miss the bat. The bat closely misses you.
The bat hits you but does no damage.
You barely miss the bat. The bat hits you but does no damage.
The bat barely misses you.
You riposte.
You closely miss the bat. The bat barely misses you.
You barely miss the bat. The bat hits you but does no damage.
You hit the bat.
The bat is moderately wounded.
The bat hits you but does no damage.
You barely miss the bat. The bat hits you but does no damage.
The bat misses you.
You closely miss the bat. The bat hits you. x2
You hit the bat.
You kill the bat!
Dithmenos accepts your kill.
Are you sure you want to abandon this character and quit the game? (Confirm with "yes".)

#########.# #........>#
##.#######.#
#........#.#
#..#####.##### #......#
.. ###.####.# #.
#...).##.# #.#######
#.##.....# #†@.....##
#.##.#############.##..#
#.##...................#
÷.#########..≈≈.⌠≈.≈≈..#
### #).P......⌠..#
#..P.####....#
##.≈..._#.⌠..#
#.≈.####.≈..#
#.≈......≈..#


There were no monsters in sight!

Vanquished Creatures
  3 ball pythons (D:1)
  2 bats (D:1)
  2 giant cockroaches (D:1)
  A goblin (D:1)
  2 quokkas (D:1)
  A frilled lizard (D:1)
  A kobold (D:1)
  2 rats (D:1)
14 creatures vanquished.

Vanquished Creatures (others)
  A plant (D:1)
1 creature vanquished.

Grand Total: 15 creatures vanquished

Notes
Turn   | Place    | Note
-------+----------+-------------------------------------------
     0 | D:1      | Leeroy the Djinni Warper began the quest for the Orb.
     0 | D:1      | Reached XP level 1. HP: 18/18 MP: 0/0
   489 | D:1      | Reached XP level 2. HP: 22/23 MP: 0/0
   838 | D:1      | Found a faded altar of an unknown god.
   856 | D:1      | Became a worshipper of Dithmenos the Shadowed
   856 | D:1      | Reached * piety under Dithmenos
   884 | D:1      | Quit the game

Illustrated notes

Levels and vault maps discovered:
D:1:      lemuel_arrival_behind_the_door_large, layout_basic,
          shapermc_ecumenical_altar_acropolis

Skill      XL: |  1 |
---------------+----+-----
Long Blades    | 2 |  2.7
Fighting       | |  2.0
Throwing       | |  0.7
Armour         | |  1.0
Dodging        | |  2.1
Spellcasting   | |  2.4

Action                   || total
-------------------------++-------
Melee: Falchion          ||    36
Throw: Boomerang         ||     1
 Stab: Sleeping          ||     1
Armor: Leather armour    ||    14
Dodge: Dodged            ||    29
       Rpst.: Falchion   ||     9
